 Dungeon Crawl Stone Soup version 0.15-a0-1253-g15b4f57 (webtiles) character file.

89 Quh the Charmwright (level 4, -3/31 HPs)
             Began as a High Elf Skald on June 4, 2014.
             Slain by Terence
             ... wielding a +0,+0 falchion
              (11 damage)
             ... on Level 2 of the Dungeon.
             The game lasted 00:07:33 (2159 turns).

Quh the Charmwright (High Elf Skald)                Turns: 2159, Time: 00:07:33

HP  -3/31        AC  3     Str 11      XL: 4   Next: 31%
MP   4/11        EV 10     Int 17      God:
Gold 71          SH  0     Dex 14      Spells:  3 memorised,  1 level left

rFire  + . .     SeeInvis .     j - +1,+0 short sword
rCold  . . .     Clarity  .     r - +0 leather armour {rF+}
rNeg   . . .     rCorr    .     (no shield)
rPois  .         rRot     .     (no helmet)
rElec  .         Spirit   .     (no cloak)
SustAb .         Warding  .     (no gloves)
rMut   .         Stasis   .     (no boots)
Gourm  .                        (no amulet)
MR     .....                    (no ring)
                                (no ring)

@: regenerating, not resistant to hostile enchantments, very unstealthy
A: no striking features
a: no special abilities


You were on level 2 of the Dungeon.
You were near starving.

You visited 1 branch of the dungeon, and saw 2 of its levels.

You collected 71 gold pieces.

Inventory:

Hand weapons
 a - a +0,+0 short sword
 j - a +1,+0 short sword (weapon)
 n - a +0,+0 short sword
 p - a +2,+0 vampiric dagger
Missiles
 f - 74 stones (quivered)
Armour
 b - a +0 leather armour
 m - a +0 leather armour
 r - a +0 leather armour of fire resistance (worn)
Comestibles
 d - 3 bread rations
Scrolls
 e - a scroll of fog {unknown}
 g - 2 scrolls of teleportation
 i - 2 scrolls of enchant weapon I {unknown}
 k - 2 scrolls of remove curse {unknown}
 l - 2 scrolls of identify {unknown}
 o - a scroll of enchant armour {unknown}
Potions
 h - 2 potions of restore abilities {unknown}
 q - a potion of flight {unknown}
Books
 c - a book of Battle

   Spells                             Type                      Level
   *Infusion                          Charms                       1
   *Shroud of Golubria                Charms/Translocation         2
   Song of Slaying                    Charms                       2
   Spectral Weapon                    Hexes/Charms                 3
   *Regeneration                      Charms/Necromancy            3


   Skills:
 * Level 3.2 Fighting
 * Level 3.6 Short Blades
 - Level 0.8 Armour
 - Level 1.1 Dodging
 - Level 2.4 Spellcasting
 * Level 4.6 Charms


You had one spell level left.
You knew the following spells:

 Your Spells              Type           Power        Failure   Level  Hunger
a - Infusion              Chrm           ###...       2%          1    #......
b - Shroud of Golubria    Chrm/Tloc      #.........   14%         2    ##.....
c - Regeneration          Chrm/Necr      #.........   24%         3    ###....


Dungeon Overview and Level Annotations

Branches:
Dungeon (2/15)

Altars:
Nemelex Xobeh

Annotations:
D:2 Terence


Message History

You hit Terence.
Terence is moderately wounded.
Terence says, "Did you write a will?
You should..."
Terence closely misses you.
You hit Terence but do no damage.
Terence is moderately wounded.
Terence hits you with a falchion!
You closely miss Terence.
Terence is moderately wounded.
Your skin stops crawling.
You barely miss Terence.
Terence is moderately wounded.
Terence screams, "I want your blood!" Terence hits you with a falchion.
* * * LOW HITPOINT WARNING * * *
Your shroud falls apart!
Casting: Shroud of Golubria
Confirm with . or Enter, or press ? or * to list all spells.
Your skin crawls.
Terence hits you with a falchion!
You die...

. ... .... .....
########.......
#.@g.%<........
######.
#@######.......
.......# #.#
..... # #.# ..(.
#
#######.######.#
... #
#...............
. #
#.#####.########
# #.# #.# # #.#
#.# # #.# #.# ..


You could see Terence and a goblin.

Vanquished Creatures
  3 adders (D:2)
  A giant mite (D:1)
  2 giant geckos (D:1)
  3 giant cockroaches (D:2)
  6 goblins
  4 hobgoblins
  10 jackals
  4 kobolds
  2 quokkas (D:2)
  7 bats
  4 giant newts
  8 rats
54 creatures vanquished.

Vanquished Creatures (others)
  A giant gecko (D:1)
1 creature vanquished.

Grand Total: 55 creatures vanquished

Notes
Turn   | Place    | Note
--------------------------------------------------------------
     0 | D:1      | Quh, the High Elf Skald, began the quest for the Orb.
     0 | D:1      | Reached XP level 1. HP: 14/14 MP: 4/4
    69 | D:1      | Reached XP level 2. HP: 14/19 MP: 0/6
   126 | D:1      | Learned a level 2 spell: Shroud of Golubria
   148 | D:1      | Reached skill level 4 in Charms
   973 | D:1      | Reached XP level 3. HP: 25/25 MP: 6/8
   978 | D:1      | Learned a level 3 spell: Regeneration
  1497 | D:2      | Found a sparkling altar of Nemelex Xobeh.
  1936 | D:2      | Reached XP level 4. HP: 26/31 MP: 5/11
  2129 | D:2      | Noticed Terence
  2159 | D:2      | Slain by Terence

Action                   |  1- 3 |  4- 6 || total
-------------------------+-------+-------++-------
Melee: Short sword       |   156 |    72 ||   228
Throw: Stone             |     5 |       ||     5
 Cast: Infusion          |     7 |       ||     7
       Shroud of Golubri |     8 |     2 ||    10
       Regeneration      |     7 |     4 ||    11
  Use: Scroll            |     1 |       ||     1
